 Dungeon Crawl Stone Soup version 0.23.1 (webtiles) character file.

Game seed: 0

5233 misha the Spear-Bearer (level 10, -7/86 HPs)
             Began as a Merfolk Berserker on Mar 1, 2019.
             Was an Elder of Trog.
             Mangled by an unseen horror (9 damage)
             ... on level 10 of the Dungeon.
             The game lasted 00:39:38 (12873 turns).

misha the Spear-Bearer (Merfolk Berserker)         Turns: 12873, Time: 00:39:39

Health: -7/86      AC: 14    Str: 18 (21) XL:     10   Next: 61%
Magic:  10/10      EV: 16    Int:  5 (7)  God:    Trog [****..]
Gold:   631        SH:  0    Dex: 19 (21) Spells: 9/9 levels left

rFire    . . .     SeeInvis .   a - +0 spear
rCold    + . .     Gourm    .   (no shield)
rNeg     + . .     Faith    +   F - +4 ring mail of Leeroh {rElec rN+ Dex+4}
rPois    .         Spirit   .   (no helmet)
rElec    +         Reflect  .   D - +0 cloak
rCorr    .         Harm     .   j - +2 pair of gloves
MR       .....     Rnd*Rage +   K - +0 pair of boots
Stlth    +++.......             g - amulet of faith
HPRegen  0.24/turn              (no ring)
MPRegen  0.12/turn              (no ring)

@: no status effects
A: change form in water, swift swim, stealthy swim, agile 2, berserk 1, cold
resistance 1
a: Berserk, Trog's Hand, Brothers in Arms, Renounce Religion


You were on level 10 of the Dungeon.
You worshipped Trog.
Trog was greatly pleased with you.
You were not hungry.

You visited 2 branches of the dungeon, and saw 11 of its levels.

You collected 631 gold pieces.

Inventory:

Hand Weapons
 a - a +0 spear (weapon)
 b - a +1 dagger of protection
Missiles
 k - 229 stones (quivered)
 l - 77 poisoned needles
 r - 33 sling bullets
 B - 11 tomahawks
Armour
 j - a +2 pair of gloves (worn)
 D - a +0 cloak (worn)
 F - the +4 ring mail of Leeroh (worn) {rElec rN+ Dex+4}
   (You found it on level 6 of the Dungeon)

   It affects your dexterity (+4).
   It insulates you from electricity.
   It protects you from negative energy.
 I - the +1 robe of Hedge Wizardry {+Inv Int+2}
   (You found it on level 8 of the Dungeon)

   It affects your intelligence (+2).
   It lets you turn invisible.
 K - a +0 pair of boots (worn)
Jewellery
 g - an amulet of faith (around neck)
 m - a cursed amulet of regeneration {unknown}
 p - an uncursed ring of wizardry {unknown}
 v - an uncursed ring of positive energy {unknown}
 w - an uncursed amulet of harm {unknown}
 E - an uncursed amulet of harm {unknown}
 J - an uncursed amulet of regeneration {unknown}
Wands
 z - a wand of disintegration (5)
 G - a wand of iceblast (9)
Scrolls
 f - 2 scrolls of immolation
 h - a scroll of fog {unknown}
 o - 4 scrolls of magic mapping
 q - 2 scrolls of teleportation
 t - 3 scrolls of enchant armour
 u - 2 scrolls of noise {unknown}
 A - 2 scrolls of remove curse {unknown}
 C - a scroll of random uselessness {unknown}
 H - a scroll of enchant weapon {unknown}
Potions
 e - 4 potions of cancellation
 n - 2 potions of mutation
 s - a potion of haste {unknown}
 x - 2 potions of invisibility {unknown}
 y - 4 potions of curing {unknown}
Comestibles
 c - 19 rations


   Skills:
 + Level 10.4 Fighting
 - Level 4.2 Short Blades
 + Level 13.1 Polearms
 - Level 1.3 Armour
 - Level 7.6 Dodging
 - Level 6.4 Stealth


You had 9 spell levels left.
You didn't know any spells.
Your spell library was empty.

Dungeon Overview and Level Annotations

Branches:
Dungeon (10/15)            Temple (1/1) D:6            Lair (0/6) D:9
    Orc: D:9-12

Altars:
Ashenzari
Cheibriados
Dithmenos
Elyvilon
Fedhas
Gozag
Hepliaklqana
Kikubaaqudgha
Makhleb
Nemelex Xobeh
Okawaru
Qazlal
Ru
Sif Muna
Trog
Uskayaw
Vehumet
Wu Jian
Xom
Yredelemnul
Zin
The Shining One

Shops:
D:8 %

Annotations:
D:7 Prince Ribbit


Innate Abilities, Weirdness & Mutations

You revert to your normal form in water You are very nimble and swift while swimming.
You are very stealthy in the water. (Stealth+)
You are very agile. (Dex +4)
You tend to lose your temper in combat.
Your flesh is cold resistant. (rC+)


Message History

Something hits you but does no damage. Something hits you.
* * * LOW HITPOINT WARNING * * *
Your ogre rages.
Okay, then.
It was a potion of flight.
You feel very buoyant.
You fly up into the air.
Something hits you but does no damage.
Your magical effects are unravelling.
You feel magically purged.
You float gracefully downwards.
Something barely misses you.
It was a potion of degeneration.
There was something very wrong with that liquid.
You feel weakened.
You feel dopey.
You feel clumsy. Something hits you.
* * * LOW HITPOINT WARNING * * *
Your ogre rages.
It was a potion of mutation.
You feel extremely strange.
You feel a little pissed off.
You feel resistant to cold.
You feel agile. x2
Something hits you!
You die...

#.......# #..#..#
######### #..#..#
#..#..# #..+..#
#..#..# #.....#
#.....# ##+######
#..#..# #........
#.@#..#
........####.O'..#
...........#..#..#
#..........'..####
######..####.....#
#..........#.....#
#..........#.....#
#.......#..#.....#
....#####..#+##..#


You could see a friendly ogre (berserk).

Vanquished Creatures
  Erica (D:8)
  A two-headed ogre (D:8)
  Psyche (D:8)
  A hornet (D:10)
  2 hippogriffs
  2 ice beasts (D:6)
  An orc warrior (D:8)
  2 sky beasts
  3 ogres
  2 phantoms
  A centaur (D:8)
  A big kobold (D:8)
  4 bullfrogs
  2 scorpions
  3 killer bees (D:8)
  4 wights (D:7)
  3 howler monkeys
  2 jellies
  2 crimson imps
  A bullfrog zombie (D:6)
  A centaur zombie (D:6)
  6 orc priests
  4 orc wizards
  3 bullfrog skeletons
  4 hounds
  2 iguanas
  4 worker ants
  A killer bee zombie (D:8)
  3 hound zombies
  A howler monkey zombie (D:5)
  7 adders
  2 shadow imps
  2 oozes (D:2)
  An adder zombie (D:7)
  3 adder skeletons
  6 worms
  2 dart slugs
  A leopard gecko (D:4)
  28 orcs
  A ball python (D:3)
  8 bats
  10 giant cockroaches
  5 goblins
  4 hobgoblins
  7 jackals
  4 quokkas
  11 frilled lizards
  A jackal skeleton (D:7)
  7 kobolds
  A leopard gecko skeleton (D:8)
  A leopard gecko zombie (D:6)
  A quokka skeleton (D:4)
  A quokka zombie (D:9)
  6 rats
188 creatures vanquished.

Vanquished Creatures (collateral kills)
  A wyvern (D:8)
  A bullfrog skeleton (D:8)
  An adder (D:8)
3 creatures vanquished.

Grand Total: 191 creatures vanquished

Notes
Turn   | Place    | Note
-------+----------+-------------------------------------------
     0 | D:1      | misha the Merfolk Berserker began the quest for the Orb.
     0 | D:1      | Reached XP level 1. HP: 18/18 MP: 1/1
   407 | D:1      | Reached XP level 2. HP: 24/24 MP: 2/2
   454 | D:1      | Reached skill level 1 in Stealth
   586 | D:1      | Reached XP level 3. HP: 29/29 MP: 3/3
   602 | D:1      | Reached ** piety under Trog
   685 | D:1      | Reached skill level 5 in Polearms
  1534 | D:2      | Found a faded altar of an unknown god.
  1612 | D:2      | Reached XP level 4. HP: 35/37 MP: 4/4
  1895 | D:3      | Found a blossoming altar of Fedhas.
  2157 | D:3      | Found a basalt altar of Yredelemnul.
  2367 | D:3      | Reached *** piety under Trog
  2598 | D:4      | Noticed a phantom
  2693 | D:4      | Killed a phantom
  2693 | D:4      | Reached XP level 5. HP: 24/43 MP: 5/5
  2712 | D:4      | Reached skill level 6 in Polearms
  2714 | D:4      | Reached XP level 6. HP: 38/49 MP: 6/6
  3252 | D:4      | Reached skill level 5 in Dodging
  3899 | D:4      | Reached skill level 5 in Fighting
  3899 | D:4      | Reached XP level 7. HP: 33/56 MP: 7/7
  4484 | D:5      | Entered Level 5 of the Dungeon
  4500 | D:5      | Reached skill level 7 in Polearms
  5864 | D:6      | Reached skill level 1 in Short Blades
  5933 | D:6      | Reached XP level 8. HP: 58/64 MP: 8/8
  5979 | D:6      | Reached skill level 5 in Stealth
  6169 | D:6      | Reached **** piety under Trog
  6352 | D:6      | Found a stormy altar of Qazlal.
  6400 | D:6      | Found a staircase to the Ecumenical Temple.
  6411 | D:6      | Reached skill level 8 in Polearms
  6773 | D:6      | Got a faintly humming ring mail
  6784 | D:6      | Identified the +4 ring mail of Leeroh {rElec rN+ Dex+4}
                  | (You found it on level 6 of the Dungeon)
  6887 | Temple   | Entered the Ecumenical Temple
  7170 | D:7      | Noticed a hippogriff
  7217 | D:7      | Killed a hippogriff
  8552 | D:7      | Reached XP level 9. HP: 40/71 MP: 9/9
  8837 | D:7      | Noticed Prince Ribbit
  8884 | D:7      | Found a white marble altar of Elyvilon.
  8945 | D:7      | Reached skill level 9 in Polearms
  9776 | D:7      | Found a glowing golden altar of the Shining One.
  9911 | D:7      | Found a burning altar of Makhleb.
  9928 | D:7      | Found a hazy altar of Hepliaklqana.
 10019 | D:8      | Noticed a six-headed hydra
 10328 | D:8      | Noticed Psyche
 10342 | D:8      | Killed Psyche
 10472 | D:8      | Found a bloodstained altar of Trog.
 10500 | D:8      | Found Zouz's Food Emporium.
 10506 | D:8      | Reached skill level 10 in Polearms
 10755 | D:8      | Found a sacrificial altar of Ru.
 10775 | D:8      | Got a silken robe
 10776 | D:8      | Identified the +1 robe of Hedge Wizardry {+Inv Int+2} (You
                  | found it on level 8 of the Dungeon)
 10794 | D:8      | Noticed Erica
 11365 | D:8      | Reached skill level 11 in Polearms
 11657 | D:8      | Killed Erica
 11657 | D:8      | Reached skill level 12 in Polearms
 11657 | D:8      | Reached XP level 10. HP: 83/83 MP: 10/10
 11817 | D:8      | Noticed a two-headed ogre
 11839 | D:8      | Killed a two-headed ogre
 11839 | D:8      | Reached skill level 10 in Fighting
 12154 | D:9      | Found a staircase to the Lair.
 12316 | D:9      | Reached skill level 13 in Polearms
 12713 | D:10     | Entered Level 10 of the Dungeon
 12758 | D:10     | Paralysed by a hornet for 1 turns
 12869 | D:10     | HP: 2/86 [something (4)]
 12873 | D:10     | Gained mutation: You tend to lose your temper in combat.
                  | [potion of mutation]
 12873 | D:10     | Gained mutation: Your flesh is cold resistant. (rC+)
                  | [potion of mutation]
 12873 | D:10     | Gained mutation: You are agile. (Dex +2) [potion of
                  | mutation]
 12873 | D:10     | Gained mutation: You are very agile. (Dex +4) [potion of
                  | mutation]
 12873 | D:10     | Mangled by an unseen horror

Skill      XL: |  1  2  3  4  5  6  7  8  9 10 |
---------------+-------------------------------+-----
Dodging        | 3 4 5 6 7 |  7.6
Stealth        | 1 2 3 4 6 |  6.4
Polearms       | 5 6 7 8 12 13 | 13.1
Fighting       | 4 5 6 9 10 | 10.4
Short Blades   | 1 3 4 |  4.2
Armour         | |  1.3

Action                   |  1- 3 |  4- 6 |  7- 9 | 10-12 || total
-------------------------+-------+-------+-------+-------++-------
Melee: Spear             |   145 |   241 |   237 |   127 ||   750
       Dagger            |       |       |   749 |       ||   749
Invok: Trog's Hand       |       |     1 |     5 |       ||     6
       Berserk           |       |     2 |    10 |     1 ||    13
       Brothers in Arms  |       |       |     2 |     1 ||     3
  Use: Scroll            |       |       |     8 |       ||     8
       Potion            |       |       |       |     4 ||     4
 Stab: Sleeping          |     5 |     2 |     2 |     2 ||    11
  Eat: Chunk             |     2 |     5 |     4 |     2 ||    13
       Ration            |       |     2 |     9 |     1 ||    12
Armor: Animal skin       |    21 |     2 |       |       ||    23
       Ring mail         |       |    37 |   242 |    45 ||   324
       Plate armour      |       |       |   109 |       ||   109
Dodge: Dodged            |    79 |    97 |   535 |    43 ||   754
